 Dungeon Crawl Stone Soup version 0.31-a0-920-g28cbb04a8c (webtiles) character file.

Game seed: 5317496748460290227

46717 Strat the Warrior (level 14, 0/138 HPs)
             Began as a Hill Orc Gladiator on Oct 17, 2023.
             Was the Champion of Okawaru.
             Slain by a wolf (7 damage)
             ... on level 5 of the Lair of Beasts.
             The game lasted 00:42:04 (22060 turns).

Strat the Warrior (Hill Orc Gladiator)             Turns: 22060, Time: 00:42:05

Health: 0/138      AC: 27    Str: 28    XL:     14   Next: 38%
Magic:  21/21      EV:  9    Int:  6    God:    Okawaru [******]
Gold:   1383       SH:  0    Dex: 14    Spells: 13/13 levels left

rFire   + + +        a - +3 dire flail (freeze)
rCold   + . .        (shield currently unavailable)
rNeg    . . .        G - +0 plate armour
rPois   .            T - +2 helmet "Faoraump" {Dex+2}
rElec   .            M - +1 cloak
rCorr   .            K - +1 pair of gloves
SInv    .            l - +1 pair of boots
Will    ++++.        (no amulet) Stlth
                     t - ring of Palaytwa {Contam rF+++ Will+++ Str+6 Int-2}
HPRegen 0.43/turn    m - ring of protection from cold
MPRegen 0.17/turn

%: no passive effects
@: hasted, invisible (expiring), very quick
A: no striking features
a: Renounce Religion, Heroism, Finesse, Duel


You were on level 5 of the Lair of Beasts.
You worshipped Okawaru.
Okawaru was exalted by your worship.
You visited 2 branches of the dungeon, and saw 17 of its levels.
You also visited: Volcano.

You collected 1383 gold pieces.

Inventory:

Hand Weapons
 a - a +3 dire flail of freezing (weapon)
 S - the +2 bardiche "Coogg" {venom, Drain rElec rPois Will+}
   (Okawaru gifted it to you on level 5 of the Lair of Beasts)

   rElec:     It insulates you from electricity.
   rPois:     It protects you from poison Will+: It increases your willpower.
   Drain:     It drains your maximum health when unequipped.
Missiles
 e - a javelin
 f - 7 boomerangs (quivered)
 o - 12 darts of dispersal
 r - 7 curare-tipped darts
 z - 27 poisoned darts
 F - 5 silver javelins
 N - 2 atropa-tipped darts
Armour
 l - a +1 pair of boots (worn)
 G - a +0 plate armour (worn)
 K - a +1 pair of gloves (worn)
 M - a +1 cloak (worn)
 T - the +2 helmet "Faoraump" (worn) {Dex+2}
   (Okawaru gifted it to you on level 5 of the Lair of Beasts)

   Dex+2:     It affects your dexterity (+2).
Jewellery
 g - a +6 ring of strength
 m - a ring of protection from cold (right hand)
 p - an amulet of faith
 t - the ring of Palaytwa (left hand) {Contam rF+++ Will+++ Str+6 Int-2}
   (You found it on level 6 of the Dungeon)

   [ring of strength]

   Str+6:     It affects your strength (+6).
   Int-2:     It affects your intelligence (-2).
   rF+++:     It renders you almost immune to fire.
   Will+++:   It greatly increases your willpower.
   Contam:    It causes magical contamination when unequipped.
 D - a ring of fire
 Q - a ring of flight
 R - a ring of willpower
Wands
 i - a wand of roots (4)
 v - a wand of mindburst (23)
 A - a wand of flame (38)
 B - a wand of quicksilver (5)
 J - a wand of polymorph (4)
Scrolls
 b - a scroll of enchant armour
 d - a scroll of teleportation
 s - 2 scrolls of immolation
 w - a scroll of poison
 x - 2 scrolls of revelation
 y - a scroll of vulnerability
 E - 3 scrolls of fog
 H - a scroll of silence
 L - 3 scrolls of enchant weapon
 O - a scroll of amnesia
Potions
 j - 4 potions of brilliance
 n - a potion of ambrosia
 q - 4 potions of lignification
 C - 2 potions of attraction
 I - 3 potions of resistance
 P - a potion of magic


   Skills:
 + Level 16.9 Fighting
 - Level 3.2 Maces & Flails
 + Level 12.5 Throwing
 + Level 13.4 Armour
 - Level 2.4 Dodging
 - Level 10.0 Invocations
 - Level 5.0 Evocations


You had 13 spell levels left.
You didn't know any spells.
Your spell library contained the following spells:

 Spells                   Type           Power      Damage    Failure   Level
 Magic Dart               Conj           0%         1d3       97%         1
 Sandblast                Erth           0%         2d4       97%         1
 Shock                    Conj/Air       0%         1d3       97%         1
 Blink                    Tloc           0%         N/A       99%         2
 Ensorcelled Hibernation  Hex/Ice        0%         N/A       99%         2
 Jinxbite                 Hex            0%         N/A       99%         2
 Lesser Beckoning         Tloc           0%         N/A       99%         2
 Momentum Strike          Conj/Tloc      0%         3d8       99%         2
 Passwall                 Tmut/Erth      0%         N/A       99%         2
 Scorch                   Fire           0%         2d5       99%         2
 Static Discharge         Conj/Air       0%         2-2/arc   99%         2
 Inner Flame              Hex/Fire       0%         N/A       100%        3
 Mephitic Cloud           Conj/Pois/Air  0%         N/A       100%        3
 Stone Arrow              Conj/Erth      0%         3d7       100%        3
 Swiftness                Air            0%         N/A       100%        3
 Airstrike                Air            0%         2d(0-16)  100%        4
 Anguish                  Hex/Necr       0%         N/A       100%        4
 Brom's Barrelling Bould  Conj/Erth      0%         2d3       100%        4
 Flame Wave               Conj/Fire      0%         2d4       100%        4
 Sticky Flame             Conj/Fire      0%         2d3       100%        4
 Call Imp                 Summ           Unusable   N/A       N/A         2
 Summon Lightning Spire   Summ/Air       Unusable   N/A       N/A         4
 Summon Cactus Giant      Summ           Unusable   N/A       N/A         6

Dungeon Overview and Level Annotations

Branches:
Dungeon (12/15)            Temple (0/1) D:6            Lair (5/5) D:11
 Shoals (0/4) Lair:2       Spider (0/4) Lair:3          Orc (0/2) D:11
Volcano (visited)
  Slime: Lair:4-5

Altars:
Cheibriados
Dithmenos
Elyvilon
Fedhas
Gozag
Hepliaklqana
Okawaru
Qazlal
Sif Muna
Uskayaw
Yredelemnul

Shops:
D:4 (**

Portals:
Abyss: D:4

Annotations:
D:1 2 runed translucent doors
D:4 2 transporters, p00ps00p's ghost, amateur HOFi
D:10 5 runed translucent doors, exclusion: orange crystal statue, LeprechaunX's ghost, journeyman OpSh


Message History

You start resting.
You feel sick. x2
You are no longer poisoned.
You start resting.
A wolf comes into view.
A dream sheep comes into view.
The wolf howls!
The dream sheep bleats!
You hear a shout!
Found 8 stones.
You fade into invisibility!
The wolf bites you but does no damage.
You bludgeon the dream sheep!! You freeze the dream sheep.
You kill the dream sheep!
Okawaru accepts your kill. The wolf bites you but does no damage.
A spriggan comes into view. It is wielding a +0 rapier.
The wolf bites you!
* * * LOW HITPOINT WARNING * * *
A spriggan comes into view. It is wielding a +3 dagger of draining.
You feel yourself speed up.
The spriggan shouts! x2
The wolf bites you but does no damage.
A spriggan comes into view. It is wielding a +0 short sword.
The wolf pauses to sniff the ground.
The wolf bites you but does no damage.
A spriggan comes into view. It is wielding a +0 rapier.
The wolf bites you but does no damage. The wolf bites you but does no damage.
You see here a +0 spear.
A polar bear comes into view.
The polar bear growls angrily.
The polar bear growls angrily.
The wolf attacks as it pursues you! The wolf bites you but does no damage.
The polar bear growls angrily.
The polar bear growls angrily.
The wolf closely misses you.
The polar bear growls angrily.
You flicker for a moment.
The polar bear growls angrily.
The polar bear growls angrily.
The wolf attacks as it pursues you! The wolf bites you!
You die...

♣♣ ♣..♣♣... .♣.. ♣♣♣ ♣♣
♣♣)♣♣.[. ....♣♣.♣ ♣.♣♣
♣♣.)♣♣...
♣.....♣♣♣♣♣.....♣♣♣♣..♣♣♣♣..
.....h♣♣... ♣....)♣.♣♣ ♣♣.
♣......♣ ♣..♣♣ ♣. ♣♣♣
♣......♣♣♣ ♣♣..♣♣♣♣♣♣♣
.i.♣♣♣♣♣♣♣..i....♣♣
♣♣♣.......♣♣.
..ii..♣.)i..♣..h@.♣
♣......♣♣♣.††
♣♣♣♣....♣♣♣♣♣♣♣♣♣.....♣♣..♣♣
♣♣♣♣ ♣♣♣♣♣♣ ♣♣♣♣♣♣♣♣♣♣


You could see a polar bear (wandering, unable to see you), a spriggan and a
wolf.

Vanquished Creatures
  A quicksilver ooze (Lair:4)
  Josephine (Lair:4)
  Fannar (Lair:3)
  2 two-headed ogres
  A boulder beetle (Lair:4)
  A dancing weapon (Volcano)
  8 death yaks
  Sonja (Lair:3)
  3 arcanists (Volcano)
  Pikel (D:7)
  2 occultists (Volcano)
  A deep elf zephyrmancer (D:11)
  5 toenail golems (Volcano)
  A salamander (Lair:3)
  A merfolk siren (Lair:2)
  3 slime creatures (Lair:4)
  4 black mambas
  A molten gargoyle (Lair:3)
  10 cane toads
  4 kobold demonologists (D:10)
  7 komodo dragons
  Jeremiah (D:7)
  4 rime drakes
  2 hornets
  A troll (D:11)
  3 polar bears
  9 dream sheep (Lair:5)
  14 blink frogs
  Sigmund (D:4)
  A shadow (D:10)
  4 spriggans (Lair:5)
  3 fire bats (Lair:3)
  4 basilisks
  35 yaks
  4 wyverns
  A redback (Lair:3)
  5 wraiths
  4 vampire mosquitoes (D:11)
  2 wargs (D:11)
  An acid dragon (D:9)
  11 water moccasins
  5 orc warriors
  An ice beast (D:7)
  2 sky beasts
  4 black bears
  A hornet zombie (D:7)
  A boggart (Lair:5)
  2 ogres (D:7)
  19 wolves
  2 centaurs
  7 kobold brigands
  9 bullfrogs
  4 necrophages (D:7)
  8 scorpions
  10 wights
  3 killer bees (D:7)
  A bullfrog zombie (D:7)
  4 jellies (Lair:4)
  A gnoll bouda (D:5)
  A hound (D:7)
  3 orc priests
  2 sleepcaps
  2 iguanas
  12 orc wizards
  5 hell rats (Lair:4)
  5 gnolls (D:5)
  5 adders
  2 shadow imps (D:6)
  2 ufetubi (D:7)
  5 worms
  2 dart slugs
  30 orcs
  2 endoplasms
  11 giant cockroaches
  3 goblins
  6 hobgoblins
  7 jackals (D:2)
  6 quokkas
  7 ball pythons
  4 bats
  A frilled lizard (D:2)
  40 kobolds
  A rat (D:1)
  A spectral goblin (D:1)
418 creatures vanquished.

Notes
Turn   | Place    | Note
-------+----------+-------------------------------------------
     0 | D:1      | Strat the Hill Orc Gladiator began the quest for the Orb.
     0 | D:1      | Reached XP level 1. HP: 18/18 MP: 1/1
   121 | D:1      | Found a large runed translucent door.
   121 | D:1      | Found a large runed translucent door.
   124 | D:1      | Noticed a troll
   143 | D:1      | Reached skill level 3 in Fighting
   164 | D:1      | Reached XP level 2. HP: 26/26 MP: 2/2
   271 | D:1      | Found a faded altar of an unknown god.
   492 | D:1      | Reached skill level 4 in Fighting
   517 | D:1      | Reached XP level 3. HP: 28/33 MP: 3/3
  1269 | D:2      | Reached skill level 5 in Fighting
  1269 | D:2      | Reached XP level 4. HP: 27/42 MP: 4/4
  1757 | D:3      | Reached skill level 1 in Armour
  2127 | D:4      | Noticed a scorpion
  2147 | D:4      | Found Otebbupp's General Store.
  2184 | D:4      | Found a one-way gate to the infinite horrors of the Abyss.
  2184 | D:4      | Noticed p00ps00p's ghost (amateur HOFi)
  2249 | D:4      | Killed a scorpion
  2250 | D:4      | Reached XP level 5. HP: 37/50 MP: 5/5
  2268 | D:4      | Reached skill level 6 in Fighting
  2429 | D:4      | Found an iron altar of Okawaru.
  2469 | D:4      | Found a transporter.
  2473 | D:4      | Found a transporter.
  2473 | D:4      | Noticed a kobold brigand
  2487 | D:4      | Noticed a toenail golem
  2550 | D:4      | Found Karghamen's Weapon Shoppe.
  2558 | D:4      | Found Geuw's General Store.
  2813 | D:5      | Entered Level 5 of the Dungeon
  2813 | D:5      | Noticed Sigmund
  2826 | D:4      | Killed Sigmund
  2827 | D:4      | Reached XP level 6. HP: 22/58 MP: 6/6
  2952 | D:4      | Reached skill level 7 in Fighting
  3074 | D:5      | Reached XP level 7. HP: 56/66 MP: 7/7
  3246 | D:5      | Reached skill level 5 in Armour
  3436 | D:5      | Reached skill level 8 in Fighting
  3754 | D:5      | Reached skill level 9 in Fighting
  3758 | D:5      | Reached XP level 8. HP: 62/78 MP: 8/8
  4156 | D:4      | Became a worshipper of Warmaster Okawaru
  4234 | D:6      | Identified the ring of Palaytwa {Contam rF+++ Will+++ Str+6
                  | Int-2}
  4433 | D:6      | Reached skill level 10 in Fighting
  4656 | D:6      | Identified the +2 robe of the Skiapode {Fly}
  5012 | D:6      | Found a hazy altar of Hepliaklqana.
  5013 | D:6      | Found a shadowy altar of Dithmenos.
  5013 | D:6      | Noticed a shadow
  5052 | D:6      | Found a staircase to the Ecumenical Temple.
  5753 | D:7      | Reached * piety under Okawaru
  6248 | D:7      | Reached skill level 11 in Fighting
  6337 | D:7      | Noticed Jeremiah
  6410 | D:7      | Killed Jeremiah
  6411 | D:7      | Reached XP level 9. HP: 51/88 MP: 9/9
  6622 | D:7      | Reached skill level 5 in Throwing
  7173 | D:7      | Reached skill level 12 in Fighting
  7270 | D:7      | Reached ** piety under Okawaru
  7305 | D:7      | Noticed Pikel
  7345 | D:7      | Killed Pikel
  7361 | D:7      | Found a blossoming altar of Fedhas.
  7637 | D:7      | Found an opulent altar of Gozag.
  7887 | D:7      | Reached XP level 10. HP: 91/100 MP: 10/10
  7891 | D:7      | Reached skill level 13 in Fighting
  8036 | D:8      | Found a white marble altar of Elyvilon.
  8214 | D:8      | Reached *** piety under Okawaru
  8801 | D:8      | Found a stormy altar of Qazlal.
  8804 | D:8      | Found a snail-covered altar of Cheibriados.
  8809 | D:8      | Found a shimmering blue altar of Sif Muna.
  9482 | D:9      | Reached skill level 1 in Invocations
  9526 | D:9      | Noticed a two-headed ogre
  9544 | D:9      | Killed a two-headed ogre
  9544 | D:9      | Reached **** piety under Okawaru
  9545 | D:9      | Reached skill level 1 in Evocations
  9668 | D:9      | Reached skill level 14 in Fighting
 10127 | D:10     | Entered Level 10 of the Dungeon
 10127 | D:10     | Found a runed translucent door.
 10231 | D:10     | Reached XP level 11. HP: 110/110 MP: 13/13
 10238 | D:10     | Found a runed translucent gate.
 10238 | D:10     | Found a runed translucent gate.
 10260 | D:10     | Found a runed translucent gate.
 10297 | D:10     | Noticed LeprechaunX's ghost (journeyman OpSh)
 10371 | D:10     | Found a basalt altar of Yredelemnul.
 10545 | D:10     | Reached ***** piety under Okawaru
 10702 | D:10     | Found the +10 tower shield of Ignorance {rN+ Int-4}
 10708 | D:10     | Found a runed translucent door.
 10715 | D:10     | Noticed an orange crystal statue
 10793 | D:10     | Reached skill level 5 in Invocations
 11221 | D:11     | Received a gift from Okawaru
 11423 | D:11     | Found a staircase to the Orcish Mines.
 11714 | D:11     | Identified the +0 ring mail "Veopecs" {Harm rCorr MP+9}
 11717 | D:11     | Found a staircase to the Lair.
 11775 | D:11     | Noticed a two-headed ogre
 11793 | D:11     | Killed a two-headed ogre
 12369 | D:12     | Noticed a deep elf pyromancer
 12370 | D:12     | Noticed a deep elf zephyrmancer
 12370 | D:12     | Noticed a deep elf zephyrmancer
 12370 | D:12     | Noticed a deep elf pyromancer
 12370 | D:12     | Noticed a deep elf pyromancer
 12370 | D:12     | Noticed a deep elf pyromancer
 12370 | D:12     | Noticed a deep elf zephyrmancer
 12380 | D:12     | Noticed a deep elf zephyrmancer
 12384 | D:12     | Noticed a deep elf zephyrmancer
 12394 | D:11     | Killed a deep elf zephyrmancer
 12697 | Lair:1   | Entered Level 1 of the Lair of Beasts
 12722 | Lair:1   | Reached skill level 5 in Evocations
 12728 | Lair:1   | Received a gift from Okawaru
 13176 | Lair:1   | Reached XP level 12. HP: 100/117 MP: 17/17
 14091 | IceCv    | Identified the of Mido
 14099 | Lair:2   | Received a gift from Okawaru
 14307 | Lair:2   | Reached skill level 10 in Throwing
 14568 | Lair:2   | Found a staircase to the Shoals.
 15366 | Lair:2   | Reached skill level 10 in Invocations
 15372 | Lair:2   | Reached skill level 10 in Armour
 15485 | Lair:2   | Identified the +6 war axe of Big Damage {freeze, Stlth+}
 16151 | Lair:3   | Received a gift from Okawaru
 16208 | Lair:3   | Noticed a death yak
 16292 | Lair:3   | Noticed Sonja
 16320 | Lair:3   | Killed Sonja
 16356 | Lair:3   | Found a dark tunnel.
 16366 | Volcano  | Entered a volcano
 16435 | Volcano  | Reached XP level 13. HP: 117/125 MP: 20/20
 16514 | Volcano  | Reached skill level 15 in Fighting
 16860 | Lair:3   | Received a gift from Okawaru
 17081 | Lair:3   | Found a hole to the Spider Nest.
 17104 | Lair:3   | Noticed Nessos
 17130 | Lair:3   | Nessos changed into Nessos the redback
 17130 | Lair:3   | Noticed Nessos
 17134 | Lair:3   | Killed Nessos the redback
 17316 | Lair:3   | Noticed Fannar
 17330 | Lair:3   | Killed Fannar
 18478 | Lair:4   | Received a gift from Okawaru
 19070 | Lair:4   | Noticed Josephine
 19086 | Lair:4   | Killed Josephine
 19385 | Lair:4   | Reached skill level 16 in Fighting
 19546 | Lair:4   | Noticed a quicksilver ooze
 19560 | Lair:4   | Killed a quicksilver ooze
 20175 | Lair:4   | Received a gift from Okawaru
 20205 | Lair:4   | Reached XP level 14. HP: 115/138 MP: 21/21
 21088 | Lair:5   | Entered Level 5 of the Lair of Beasts
 21096 | Lair:5   | Found a hide-covered altar of Uskayaw.
 21648 | Lair:5   | Reached ****** piety under Okawaru
 21757 | Lair:5   | Received a gift from Okawaru
 21946 | Lair:5   | Acquired the +2 bardiche "Coogg" {venom, Drain rElec rPois
                  | Will+}
 21946 | Lair:5   | Received a gift from Okawaru
 21948 | Lair:5   | Acquired the +2 helmet "Faoraump" {Dex+2}
 21948 | Lair:5   | Received a gift from Okawaru
 22023 | Lair:5   | Paralysed by a hornet for 3 turns
 22047 | Lair:5   | HP: 3/138 [wolf (8)]
 22060 | Lair:5   | Slain by a wolf

Illustrated notes

Levels and vault maps discovered:
D:1:      erik_arrival_cave_to_civilisation [erik_arrival_cave_to_temple],
          layout_basic, dreamdust_ecumenical_altar_drowned_temple
D:2:      layout_rooms
D:3:      layout_loops_cross, skrybe_limestone_x, grunt_decor_mini_mirrors
D:4:      layout_rooms, mainiacjoe_overflow_concentric_impassable,
          gammafunk_ghost_abyssal_escape, serial_shops, shop,
          nicolae_shop_peninsula, shop_coins
D:5:      layout_loops_ring, gup_sewer_entry_bowl,
          chequers_serial_rivers_small_3, uniq_sigmund
D:6:      layout_basic, riverfiend_overflow_shadow_ancestor,
          minmay_temple_entry_butterflies, minivault_14, minmay_pentangle
D:7:      layout_loops_cross, kennysheep_little_box, fedhas_altar_decomposition,
          minmay_unpleasant_kobolds, uniq_pikel, uniq_jeremiah
D:8:      layout_loops_ring, elyvilon_altar_4, grunt_temple_overflow_diamond,
          hangedman_glass_garden
D:9:      layout_irregular_city
D:10:     layout_roguey, yredelemnul_altar_generic, gammafunk_ghost_spectres,
          chequers_guarded_unrand_ignorance
D:11:     layout_basic, erik_lair_orcish_takeover, orc_david_3
D:12:     layout_gridville, elves_outpost_lemuel, uniq_snorg, uniq_urug
Lair:1:   layout_regular_city, chequers_serial_rivers_marsh,
          serial_bayou_pond_b, serial_bayou_shore_b,
          infiniplex_staircase_pool_2, grunt_megastairs_4
Lair:2:   layout_regular_city, minmay_shoals_entry_lonely_mermaid,
          portal_ice_cave_entry_pillars_1
Lair:3:   layout_gridlike, nicolae_spider_entry_non_spiders, enter_volcano_1,
          uniq_sonja, uniq_nessos, uniq_fannar
Lair:4:   layout_cellular_growth, nicolae_lair_time_for_slime,
          lemuel_fruit_fields, grunt_megastairs_5, lemuel_fruit_fields,
          uniq_josephine
Lair:5:   minmay_lair_end_enchanted_forest, layout_loops_ring, slime_entry_1,
          basic_altar, minmay_lair_oklob_items, st_stairs_3, grunt_megastairs_1

Skill      XL: |  1  2  3  4  5  6  7  8  9 10 11 12 13 14 |
---------------+-------------------------------------------+-----
Fighting       | 3 4 5 6 7 9 11 12 14 16 | 16.9
Armour         | 2 4 5 6 8 10 12 13 | 13.4
Throwing       | 4 6 8 9 10 12 | 12.5
Invocations    | 3 7 10 | 10.0
Evocations     | 2 5 |  5.0
Maces & Flails | |  3.2
Dodging        | |  2.4

Action                     |  1- 3 |  4- 6 |  7- 9 | 10-12 | 13-15 || total
---------------------------+-------+-------+-------+-------+-------++-------
  Melee: Flail             |   148 |    71 |   406 |    95 |       ||   720
         Punch             |     1 |       |     3 |     1 |       ||     5
         Dire flail        |       |       |       |   566 |   520 ||  1086
  Throw: Dart              |       |       |    15 |    34 |     7 ||    56
         Throwing net      |       |       |     2 |     1 |       ||     3
         Boomerang         |       |       |       |       |    42 ||    42
 Invoke: Heroism           |       |       |     1 |     3 |     4 ||     8
         Receive Weapon    |       |       |       |       |     1 ||     1
         Receive Armour    |       |       |       |       |     1 ||     1
  Evoke: Wand              |       |       |     5 |       |     3 ||     8
    Use: Scroll            |       |     7 |    12 |     7 |     4 ||    30
         Potion            |       |     1 |     3 |     2 |    12 ||    18
   Stab: Sleeping          |     1 |       |       |       |       ||     1
         Distracted        |       |       |       |       |     1 ||     1
 Armour: Leather armour    |   103 |     6 |       |       |       ||   109
         Scale mail        |       |    41 |   195 |       |       ||   236
         Chain mail        |       |       |   213 |   364 |       ||   577
         Plate armour      |       |       |       |   310 |   683 ||   993
  Dodge: Dodged            |   132 |    28 |   280 |   308 |   269 ||  1017

Table legend: (Time is in decaauts)
 A = Elapsed time spent in this place.
 B = Non-inter-level travel time spent in this place.
 C = Inter-level travel time spent in this place.
 D = Time resting spent in this place.
 E = Time spent auto-exploring this place.
 F = Levels seen in this place.
 G = Mean time per level.
                   A        B        C        D        E       F      G
               +--------+--------+--------+--------+--------+-----+--------+
         Total |  22397 |  21603 |    794 |   3206 |  13013 |  18 | 1244.3 |
       Dungeon |  12911 |  12321 |    590 |   1405 |   7874 |  12 | 1075.9 |
          Lair |   9072 |   8869 |    203 |   1780 |   4893 |   5 | 1814.4 |
       Volcano |    413 |    413 |      0 |     20 |    245 |   1 |  413.0 |
               +--------+--------+--------+--------+--------+-----+--------+

Top non-repeatable levels by time:
  Lair:4: 2947 daAuts
     D:7: 2341 daAuts
  Lair:3: 2171 daAuts
  Lair:2: 1787 daAuts
    D:11: 1685 daAuts
  Lair:1: 1409 daAuts
     D:6: 1382 daAuts
     D:9: 1281 daAuts
     D:5: 1245 daAuts
     D:8: 1026 daAuts
     D:4: 969 daAuts
     D:1: 885 daAuts
  Lair:5: 756 daAuts
    D:10: 746 daAuts
     D:3: 702 daAuts
